 Dungeon Crawl Stone Soup version 0.20-a0-270-g8e735b6 (webtiles) character file.

10262 holy777 the Unseen (level 11, -2/74 HPs)
             Began as a Vampire Enchanter on Dec 9, 2016.
             Was an Elder of Dithmenos.
             Shot with a bolt by a yaktaur captain (38 damage)
             ... on level 10 of the Dungeon.
             The game lasted 00:46:09 (9858 turns).

holy777 the Unseen (Vampire Enchanter)              Turns: 9858, Time: 00:46:10

Health: -2/74      AC:  8    Str:  8    XL:     11   Next: 33%
Magic:  15/19      EV: 19    Int: 18    God:    Dithmenos [****..]
Gold:   708        SH:  0    Dex: 20    Spells: 2/21 levels left

rFire  + . .     SeeInvis +     a - +8 dagger
rCold  x . .     Gourm    .     d - +0 troll leather armour
rNeg   . . .     Faith    .     (no shield)
rPois  .         Spirit   .     (no helmet)
rElec  .         Reflect  .     J - +0 cloak
rCorr  .         Harm     .     G - +2 pair of gloves {Dex+3}
MR     +....                    (no boots)
Stlth  +++++++++.               (no amulet)
                                h - ring of fire
                                g - +2 ring of evasion

@: very slightly contaminated, regenerating quickly, wreathed by umbra
A: fangs 3, see invisible, unbreathing
a: Shadow Step, Renounce Religion


You were on level 10 of the Dungeon.
You worshipped Dithmenos.
Dithmenos was greatly pleased with you.
You were very full.

You visited 2 branches of the dungeon, and saw 11 of its levels.
You also visited: Ossuary.

You collected 708 gold pieces.

Inventory:

Hand Weapons
 a - a +8 dagger (weapon)
Missiles
 l - 19 tomahawks (quivered)
 K - 2 throwing nets
Armour
 d - a +0 troll leather armour (worn)
 G - a +2 pair of gloves of dexterity (worn)
 J - a +0 cloak (worn)
Rods
 b - a +1 iron rod (9/9) {1}
   (You found it on level 10 of the Dungeon)
Jewellery
 g - a +2 ring of evasion (left hand)
 h - a ring of fire (right hand)
 B - an uncursed ring of protection from cold
Wands
 m - a wand of slowing (13/48)
 v - a wand of enslavement (17/24)
 C - a wand of heal wounds (6/9)
Scrolls
 e - 3 scrolls of teleportation {unknown}
 j - 6 scrolls of amnesia
 k - 3 scrolls of magic mapping {unknown}
 n - 3 scrolls of blinking {unknown}
 o - 3 scrolls of fear {unknown}
 r - 2 scrolls of recharging {unknown}
 w - a scroll of noise {unknown}
 y - 2 scrolls of enchant armour {unknown}
 z - 4 scrolls of remove curse {unknown}
Potions
 f - 2 potions of haste
 i - 2 potions of agility
 p - 2 potions of heal wounds
 q - a potion of cancellation {unknown}
 s - 2 potions of invisibility
 t - a potion of berserk rage {unknown}
 u - 2 potions of lignification {unknown}
 x - a potion of mutation {unknown}
 A - 3 potions of might
 D - 2 potions of ambrosia
 L - 2 potions of brilliance {unknown}
 M - a potion of flight {unknown}
Books
 c - a book of Maledictions

   Spells                             Type                      Level
   a - Corona                         Hexes                        1
   b - Ensorcelled Hibernation        Hexes/Ice                    2
   c - Confuse                        Hexes                        3
   d - Tukima's Dance                 Hexes                        3
   e - Dazzling Spray                 Conjuration/Hexes            3
 E - a book of Battle

   Spells                             Type                      Level
   a - Infusion                       Charms                       1
   b - Shroud of Golubria             Charms/Translocation         2
   c - Song of Slaying                Charms                       2
   d - Spectral Weapon                Hexes/Charms                 3
   e - Regeneration                   Charms/Necromancy            3
 F - a book of Maledictions

   Spells                             Type                      Level
   a - Corona                         Hexes                        1
   b - Ensorcelled Hibernation        Hexes/Ice                    2
   c - Confuse                        Hexes                        3
   d - Tukima's Dance                 Hexes                        3
   e - Dazzling Spray                 Conjuration/Hexes            3
 H - a book of Conjurations

   Spells                             Type                      Level
   a - Magic Dart                     Conjuration                  1
   b - Searing Ray                    Conjuration                  2
   c - Dazzling Spray                 Conjuration/Hexes            3
   d - Fulminant Prism                Conjuration/Hexes            4
   e - Iskenderun's Mystic Blast      Conjuration                  4
   f - Iskenderun's Battlesphere      Conjuration/Charms           5
 I - a book of Misfortune

   Spells                             Type                      Level
   a - Confusing Touch                Hexes                        1
   b - Confuse                        Hexes                        3
   c - Gell's Gravitas                Hexes/Translocation          3
   d - Petrify                        Transmutation/Earth          4
   e - Metabolic Englaciation         Hexes/Ice                    5
   f - Yara's Violent Unravelling     Hexes/Transmutation          5


   Skills:
 + Level 2.9 Fighting
 + Level 5.8 Short Blades
 + Level 0.4 Throwing
 + Level 1.6 Armour
 * Level 8.1 Dodging
 * Level 17.9 Stealth
 + Level 5.5 Spellcasting
 + Level 0.4 Conjurations
 + Level 8.6 Hexes
 + Level 3.4 Ice Magic
 + Level 0.1 Evocations


You had 2 spell levels left.
You knew the following spells:

 Your Spells              Type           Power        Failure   Level  Hunger
a - Corona                Hex            #####..      1%          1    None
b - Ensorcelled Hibernat  Hex/Ice        ####..       2%          2    None
c - Dazzling Spray        Conj/Hex       ###...       12%         3    ##.....
d - Confuse               Hex            #####...     1%          3    ##.....
e - Tukima's Dance        Hex            #####...     1%          3    ##.....
f - Searing Ray           Conj           #.....       24%         2    None
g - Spectral Weapon       Hex/Chrm       ###.....     12%         3    ##.....
h - Shroud of Golubria    Chrm/Tloc      #.........   30%         2    None


Dungeon Overview and Level Annotations

Branches:
Dungeon (10/15)            Temple (1/1) D:7             Orc (0/2) D:10
   Lair: D:8-11

Altars:
Ashenzari
Cheibriados
Dithmenos
Gozag
Hepliaklqana
Makhleb
Okawaru
Qazlal
Ru
Sif Muna
Trog
Uskayaw
Vehumet
Xom
Yredelemnul
Zin
The Shining One

Shops:
D:4 (}(

Annotations:
D:7 4 runed doors


Innate Abilities, Weirdness & Mutations

Your natural rate of healing is unusually fast.
You have razor-sharp teeth.
You have supernaturally acute eyesight. (SInv)
You can survive without breathing.


Message History

A fire dragon comes into view.
There is an open door here.
The fire dragon moves out of view.
You see here 4 large rocks.
The fire dragon roars deafeningly!
You hear a shout!
There is an open door, spattered with blood here.
The yaktaur captain shouts!
The fire dragon breathes flames at you. The blast of flame hits you!
You resist.
There is an open door, spattered with blood here.
The fire dragon breathes flames at you. The blast of flame hits you!
You resist. The gnoll closely misses you.
There is an open door here.
You hit the gnoll but do no damage. The gnoll closely misses you.
Okay, then.
The yaktaur captain wields an arbalest.
The yaktaur captain shoots a bolt.
The bolt hits you!!!
Ouch! That really hurt!
You die...

#...#...# ..
#..c##(.# ##..##Te#
# #.c###.####'##
#.)#.##c..c..#
##.'(.##.....#
#)#...###...########
####'#########.....#
#)@g....).##.....#
###.......)......#
####....#......##
#######.......
#....... #.......
#....... #.......
#####...


You could see a yaktaur captain and a gnoll.

Vanquished Creatures
  An ettin (D:10)
  A centaur warrior (D:10)
  A deep troll earth mage (D:10)
  2 hill giants (D:10)
  A deep elf mage (D:10)
  An orc knight (D:10)
  A cyclops (D:10)
  A gargoyle (D:10)
  2 trolls
  A merfolk (D:9)
  4 hippogriffs
  A wyvern (D:10)
  A wraith (D:10)
  A hungry ghost (D:7)
  A soldier ant (shapeshifter) (D:10)
  A hornet zombie (D:8)
  3 ice beasts
  4 ogres
  6 orc warriors
  2 black bears
  4 centaurs
  A big kobold (D:10)
  2 elf zombies (Ossuary)
  5 bullfrogs
  A gnoll sergeant (D:10)
  2 scorpions
  4 killer bees (D:7)
  4 howler monkeys
  A crimson imp (D:3)
  2 bullfrog zombies
  3 orc priests
  A centaur zombie (D:9)
  A hound (D:4)
  A centaur skeleton (D:8)
  2 jellies (D:10)
  6 orc wizards
  8 worker ants
  Natasha (twice) (D:4)
  4 iguanas
  A big kobold zombie (Ossuary)
  A hound zombie (Ossuary)
  A hound skeleton (D:10)
  4 mummies (Ossuary)
  A howler monkey zombie (D:5)
  Robin (D:3)
  5 gnolls
  A howler monkey skeleton (D:5)
  8 adders
  2 shadow imps (D:7)
  An ooze (D:3)
  An adder zombie (D:7)
  An adder skeleton (D:5)
  2 worms
  3 dart slugs
  4 leopard geckos
  21 orcs
  8 giant cockroaches
  10 goblins
  14 hobgoblins
  10 jackals
  6 kobolds
  6 quokkas
  4 ball pythons
  7 bats
  5 frilled lizards
  3 gnoll zombies
  A goblin zombie (Ossuary)
  A hobgoblin zombie (Ossuary)
  A jackal skeleton (D:6)
  2 jackal zombies (Ossuary)
  A leopard gecko zombie (D:6)
  2 orc zombies (Ossuary)
  11 rats
  A rat zombie (Ossuary)
241 creatures vanquished.

Vanquished Creatures (others)
  A spectral weapon (D:10)
1 creature vanquished.

Grand Total: 242 creatures vanquished

Notes
Turn   | Place    | Note
-------+----------+-------------------------------------------
     0 | D:1      | holy777 the Vampire Enchanter began the quest for the Orb.
     0 | D:1      | Reached XP level 1. HP: 13/13 MP: 3/3
   122 | D:1      | Reached XP level 2. HP: 10/19 MP: 5/5
   639 | D:1      | Reached skill level 5 in Stealth
   657 | D:1      | Learned a level 2 spell: Ensorcelled Hibernation
   909 | D:2      | Reached XP level 3. HP: 16/24 MP: 3/6
  1312 | D:2      | Found a shadowy altar of Dithmenos.
  1315 | D:2      | Became a worshipper of Dithmenos the Shadowed
  1426 | D:2      | Found a sacrificial altar of Ru.
  1448 | D:2      | Reached skill level 6 in Stealth
  1499 | D:2      | Reached XP level 4. HP: 19/31 MP: 1/7
  1698 | D:2      | Noticed an air elemental
  1699 | D:2      | Found a stormy altar of Qazlal.
  1701 | D:2      | Noticed an earth elemental
  1701 | D:2      | Noticed a fire elemental
  1701 | D:2      | Noticed a water elemental
  1868 | D:2      | Found a bloodstained altar of Trog.
  2212 | D:2      | Learned a level 3 spell: Dazzling Spray
  2445 | D:3      | Reached skill level 5 in Hexes
  2445 | D:3      | Reached XP level 5. HP: 36/36 MP: 5/8
  2448 | D:3      | Noticed Robin
  2505 | D:3      | Reached skill level 7 in Stealth
  2524 | D:3      | Reached * piety under Dithmenos
  2551 | D:3      | Killed Robin
  3089 | D:4      | Found Pijynev's Antique Weapon Shop.
  3246 | D:4      | Found Buokorop's Antique Weapon Emporium.
  3293 | D:4      | Found Sakef's Gadget Shop.
  3487 | D:4      | Learned a level 3 spell: Confuse
  3568 | D:4      | Found an iron altar of Okawaru.
  3639 | D:4      | Reached skill level 8 in Stealth
  3639 | D:4      | Reached XP level 6. HP: 42/42 MP: 9/9
  3646 | D:4      | Noticed Natasha
  3654 | D:4      | Killed Natasha
  3691 | D:4      | Noticed Natasha
  3706 | D:4      | Killed Natasha
  3939 | D:4      | Found a basalt altar of Yredelemnul.
  4041 | D:5      | Entered Level 5 of the Dungeon
  4207 | D:5      | Reached ** piety under Dithmenos
  4211 | D:5      | Reached skill level 1 in Fighting
  4214 | D:5      | Reached XP level 7. HP: 48/48 MP: 11/11
  4439 | D:5      | Reached skill level 9 in Stealth
  4625 | D:5      | Found an opulent altar of Gozag.
  4625 | D:5      | Found a deep blue altar of Sif Muna.
  4630 | D:5      | Found a glowing golden altar of the Shining One.
  4632 | D:5      | Found a faded altar of an unknown god.
  4634 | D:5      | Found a faded altar of an unknown god.
  5119 | D:6      | Reached skill level 1 in Ice Magic
  5188 | D:6      | Found a hazy altar of Hepliaklqana.
  5294 | D:6      | Learned a level 3 spell: Tukima's Dance
  5853 | D:7      | Reached XP level 8. HP: 54/54 MP: 10/13
  5865 | D:7      | Reached skill level 5 in Dodging
  5865 | D:7      | Reached skill level 10 in Stealth
  6023 | D:7      | Found a staircase to the Ecumenical Temple.
  6030 | Temple   | Entered the Ecumenical Temple
  6116 | D:7      | Found a huge runed gate.
  6117 | D:7      | Found a huge runed gate.
  6117 | D:7      | Noticed a polar bear
  6117 | D:7      | Noticed a polar bear
  6118 | D:7      | Found a huge runed gate.
  6118 | D:7      | Noticed a polar bear
  6118 | D:7      | Noticed a hippogriff
  6119 | D:7      | Noticed a dream sheep
  6119 | D:7      | Found a huge runed gate.
  6119 | D:7      | Noticed a hippogriff
  6119 | D:7      | Noticed a polar bear
  6121 | D:7      | Noticed a polar bear
  6121 | D:7      | Noticed a hippogriff
  6140 | D:7      | Found a shattered altar of Ashenzari.
  6141 | D:7      | Noticed a hippogriff
  6157 | D:7      | Killed a hippogriff
  6157 | D:7      | Reached skill level 11 in Stealth
  6252 | D:7      | Found a sand-covered staircase.
  6260 | Ossuary  | Entered an ossuary
  6341 | Ossuary  | Reached *** piety under Dithmenos
  6341 | Ossuary  | Reached skill level 12 in Stealth
  6587 | Ossuary  | Learned a level 2 spell: Searing Ray
  6680 | D:7      | Reached XP level 9. HP: 59/59 MP: 15/15
  7381 | D:7      | Noticed a polar bear
  7515 | D:8      | Reached skill level 13 in Stealth
  8566 | D:8      | Reached **** piety under Dithmenos
  8706 | D:9      | Learned a level 3 spell: Spectral Weapon
  8759 | D:9      | Noticed a merfolk
  8764 | D:9      | Killed a merfolk
  8764 | D:9      | Reached skill level 14 in Stealth
  8764 | D:9      | Reached skill level 5 in Spellcasting
  8912 | D:9      | Reached skill level 5 in Short Blades
  8923 | D:9      | Noticed a troll
  8930 | D:9      | Killed a troll
  8930 | D:9      | Reached XP level 10. HP: 67/67 MP: 17/17
  9382 | D:10     | Entered Level 10 of the Dungeon
  9451 | D:10     | Reached skill level 15 in Stealth
  9456 | D:10     | Noticed a hill giant
  9462 | D:10     | Killed a hill giant
  9511 | D:10     | Found a staircase to the Orcish Mines.
  9665 | D:10     | Noticed a hill giant
  9672 | D:10     | Killed a hill giant
  9674 | D:10     | Reached skill level 16 in Stealth
  9696 | D:10     | Noticed a centaur warrior
  9700 | D:10     | Killed a centaur warrior
  9700 | D:10     | Reached skill level 1 in Armour
  9701 | D:10     | Noticed an orc knight
  9709 | D:10     | Killed an orc knight
  9724 | D:10     | Noticed a cyclops
  9727 | D:10     | Killed a cyclops
  9727 | D:10     | Reached XP level 11. HP: 74/74 MP: 19/19
  9732 | D:10     | Reached skill level 17 in Stealth
  9744 | D:10     | Noticed an ettin
  9747 | D:10     | Killed an ettin
  9754 | D:10     | Noticed a deep troll earth mage
  9754 | D:10     | Noticed a deep elf mage
  9761 | D:10     | Noticed a yaktaur captain
  9795 | D:10     | Learned a level 2 spell: Shroud of Golubria
  9835 | D:10     | Killed a deep elf mage
  9838 | D:10     | Killed a deep troll earth mage
  9850 | D:10     | Noticed a fire dragon
  9858 | D:10     | Shot with a bolt by a yaktaur captain

Vault maps used:
D:1:      dpeg_arrival_connections
D:2:      grunt_dithmenos_smoke_and_mirrors, nicolae_ru_awakened_eye,
          lightli_temple_of_fire, nicolae_qazlal_style_of_elements,
          serial_glass, glass_columns_c, glass_columns_b
D:3:      first_bread, uniq_robin
D:4:      lemuel_zombie_altar_yredelemnul, kennysheep_little_box, serial_shops,
          shop, shop, nicolae_shop_waterfront, uniq_natasha
D:5:      chequers_temple_overflow_minitemple, minmay_fountain_box
D:6:      overflow_temple_1_default, st_stairs_1
D:7:      lemuel_bear_cage, ashenzari_altar_1, nicolae_ossuary_entry_plus
D:9:      hangedman_fish_farm
D:10:     minmay_sliced_demisemicircle, kennysheep_orc_monster_closet_entryway
Temple:   eino_temple_lava
Ossuary:  ossuary_minmay_tomb_2a

Skill      XL: |  1  2  3  4  5  6  7  8  9 10 11 |
---------------+----------------------------------+-----
Stealth        | 5 6 8 9 12 14 16 17 | 17.9
Dodging        | 3 4 5 6 7 8 |  8.1
Hexes          | 5 6 7 8 |  8.6
Short Blades   | 2 3 4 5 |  5.8
Fighting       | 1 2 |  2.9
Spellcasting   | 3 4 5 |  5.5
Ice Magic      | 1 2 3 |  3.4
Armour         | 1 |  1.6
Throwing       | |  0.4
Conjurations   | |  0.4
Evocations     | |  0.1

Action                   |  1- 3 |  4- 6 |  7- 9 | 10-12 || total
-------------------------+-------+-------+-------+-------++-------
Melee: Dagger            |   109 |   213 |   342 |    73 ||   737
       Bite              |     8 |    14 |    40 |     2 ||    64
       Unarmed           |     6 |       |       |       ||     6
Throw: Tomahawk          |       |       |    12 |       ||    12
 Cast: Ensorcelled Hiber |    15 |    20 |    61 |    15 ||   111
       Dazzling Spray    |       |     6 |    10 |       ||    16
       Confuse           |       |     3 |    26 |     1 ||    30
       Searing Ray       |       |       |     2 |       ||     2
       Shroud of Golubri |       |       |       |     1 ||     1
       Spectral Weapon   |       |       |       |     1 ||     1
Invok: Shadow Step       |       |       |       |     1 ||     1
 Abil: End Transformatio |     2 |     1 |     9 |       ||    12
       Bat Form          |     2 |     1 |     9 |       ||    12
Evoke: Wand              |       |       |     2 |       ||     2
  Use: Scroll            |     4 |     2 |    12 |     1 ||    19
       Potion            |       |     1 |     1 |     1 ||     3
 Stab: Sleeping          |    18 |    33 |    63 |    32 ||   146
       Invisible         |       |     1 |       |       ||     1
       Confused          |       |     1 |    15 |       ||    16
       Distracted        |       |       |     2 |     1 ||     3
  Eat: Corpse            |     5 |    15 |    18 |     4 ||    42
Armor: Robe              |    16 |    19 |    20 |       ||    55
       Troll leather arm |       |       |       |     8 ||     8
Dodge: Dodged            |    72 |   134 |   288 |    31 ||   525
